 Dungeon Crawl Stone Soup version 0.29-a0-330-g52719c12eb (webtiles) character file.

Game seed: 1928326888356599329

536081 tilp the Slayer (level 24, -3/231 HPs)
             Began as a Green Draconian Hedge Wizard on May 25, 2022.
             Was the Champion of Vehumet.
             Slain by a green draconian monk (12 damage)
             ... on level 1 of the Realm of Zot on May 27, 2022.
             The game lasted 03:16:35 (88852 turns).

tilp the Slayer (Green Draconian Hedge Wizard)     Turns: 88852, Time: 03:16:36

Health: -3/231     AC: 22    Str: 30    XL:     24   Next: 58%
Magic:  35/42      EV: 13    Int: 39    God:    Vehumet [******]
Gold:   2407       SH:  8    Dex: 12    Spells: 14/53 levels left

rFire   + + +      SeeInvis +   a - +5 demon whip "Kuanall" {drain, *Noise rElec rCorr Str+5}
rCold   + . .      Faith    .   f - +3 buckler {reflect}
rNeg    . . .      Spirit   .   (body armour unavailable)
rPois   +          Reflect  +   i - +2 hat {Int+3}
rElec   +          Harm     .   T - +2 cloak {rCorr}
rCorr   +          Rampage  .   I - +2 pair of gloves "Piaczeru" {rF++ rC+ Str+2}
Will    +....                   z - +1 pair of boots of the Moneychanger {+Blink Int+4}
Stlth   +++.......              d - amulet of magic regeneration
HPRegen 0.48/turn               n - ring "Uxamim" {rElec rF+ Str+3 SInv}
MPRegen 0.68/turn               Y - ring "Judif" {Drain Fly Str+8 Int+6}

@: about to teleport, flying, slowed, constricted, studying 2 skills, very slow
A: breathe noxious fumes, AC +12, unfitting armour, stinger 1, poison
resistance, cold-blooded, horns 1
}: 3/15 runes: barnacled, silver, gossamer
a: Breathe Noxious Fumes, Renounce Religion, Evoke Blink


You were on level 1 of the Realm of Zot.
You worshipped Vehumet.
Vehumet was exalted by your worship.
You visited 10 branches of the dungeon, and saw 45 of its levels.
You visited 1 bazaar.
You also visited: Ossuary, Gauntlet and Wizlab.

You collected 7869 gold pieces.
You spent 5462 gold pieces at shops.

Inventory:

Hand Weapons
 a - the +5 demon whip "Kuanall" (weapon) {drain, *Noise rElec rCorr Str+5}
   (You bought it in a shop on level 6 of the Dungeon)

   A truly terrible weapon, it drains the life of any living foe it strikes.
   Str:       It affects your strength (+5).
   rElec:     It insulates you from electricity.
   *Noise:    It may make noises in combat.
   rCorr:     It protects you from acid and corrosion.
Missiles
 r - 32 curare-tipped darts (quivered)
 F - 9 atropa-tipped darts
 H - 8 datura-tipped darts
 W - 4 throwing nets
Armour
 f - a +3 buckler of reflection (worn)
 i - a +2 hat of intelligence (worn)
 z - the +1 pair of boots of the Moneychanger (worn) {+Blink Int+4}
   (You found it on level 2 of the Elven Halls)

   Int:       It affects your intelligence (+4).
   +Blink:    It lets you blink.
 I - the +2 pair of gloves "Piaczeru" (worn) {rF++ rC+ Str+2}
   (You bought it in a shop on level 1 of the Depths)

   Str:       It affects your strength (+2).
   rF:        It greatly protects you from fire.
   rC:        It protects you from cold.
 T - a +2 cloak of preservation (worn)
Magical Staves
 b - a staff of conjuration
Jewellery
 d - an amulet of magic regeneration (around neck)
 n - the ring "Uxamim" (left hand) {rElec rF+ Str+3 SInv}
   (You bought it in a shop on level 2 of the Elven Halls)

   [ring of see invisible]

   Str:       It affects your strength (+3).
   rF:        It protects you from fire.
   rElec:     It insulates you from electricity.
   SInv:      It lets you see invisible.
 o - the ring "Xoanec" {Fly rPois Will+ Str+6 Slay+2}
   (You found it on level 4 of the Depths)

   [ring of strength]

   Str:       It affects your strength (+6).
   Slay:      It affects your accuracy & damage with ranged weapons and melee
   (+2).
   rPois:     It protects you from poison.
   Fly:       It grants you flight.
   Will:      It increases your willpower.
 D - the ring of Xoatt {rPois rC+ Slay+4}
   (You found it on level 1 of the Lair of Beasts)

   [ring of slaying]

   Slay:      It affects your accuracy & damage with ranged weapons and melee
   (+4).
   rC:        It protects you from cold.
   rPois:     It protects you from poison.
 N - a +6 ring of dexterity
 Y - the ring "Judif" (right hand) {Drain Fly Str+8 Int+6}
   (You bought it in a shop on level 6 of the Dungeon)

   [ring of flight]

   Str:       It affects your strength (+8).
   Int:       It affects your intelligence (+6).
   Fly:       It grants you flight.
   Drain:     It drains your maximum health when unequipped.
Wands
 e - a wand of acid (23)
 C - a wand of iceblast (50)
 J - a wand of digging (18)
 S - a wand of paralysis (21)
 V - a wand of mindburst (10)
 X - a wand of polymorph (1)
Scrolls
 w - 10 scrolls of fog
 x - 14 scrolls of teleportation
 y - a scroll of summoning
 B - 9 scrolls of fear
 L - 5 scrolls of magic mapping
 M - 6 scrolls of vulnerability
 P - 4 scrolls of blinking
 Q - 5 scrolls of silence
 R - 4 scrolls of holy word
Potions
 c - 8 potions of magic
 g - 10 potions of lignification
 h - 9 potions of mutation
 j - 7 potions of cancellation
 k - 14 potions of brilliance
 l - 5 potions of berserk rage
 m - 21 potions of curing
 s - 18 potions of ambrosia
 t - 9 potions of heal wounds
 u - a potion of haste
 v - 14 potions of might
 G - a potion of invisibility
 Z - 4 potions of resistance
Miscellaneous
 p - a lightning rod (4/4)
 q - a condenser vane
 A - a tin of tremorstones (2/2)
 E - a phantom mirror
 O - a box of beasts
 U - a phial of floods


   Skills:
 - Level 22.0 Fighting
 - Level 12.0 Maces & Flails
 - Level 6.0 Throwing
 - Level 12.0 Dodging
 - Level 6.0 Stealth
 - Level 6.0 Shields
 - Level 15.0 Spellcasting
 + Level 20.3 Conjurations
 - Level 2.0 Hexes
 - Level 1.0 Summonings
 + Level 6.0 Necromancy
 + Level 5.9 Translocations
 + Level 4.6 Ice Magic
 + Level 4.6 Air Magic
 + Level 18.4 Earth Magic
 - Level 10.0 Poison Magic
 - Level 10.0 Evocations


You had 14 spell levels left.
You knew the following spells:

 Your Spells              Type           Power      Damage    Failure   Level
a - Iskenderun's Mystic   Conj/Tloc      93%        2d18      1%          4
b - Borgnjor's Vile Clut  Necr/Erth      45%        N/A       1%          5
c - Blink                 Tloc           100%       N/A       1%          2
d - Mephitic Cloud        Conj/Pois/Air  88%        N/A       1%          3
e - Stone Arrow           Conj/Erth      100%       3d13      0%          3
f - Olgreb's Toxic Radia  Pois           82%        N/A       1%          4
g - Iron Shot             Conj/Erth      55%        9d10      1%          6
h - Orb of Destruction    Conj           56%        9d14      1%          7
i - Freezing Cloud        Conj/Ice/Air   41%        6-21      1%          5

Your spell library contained the following spells:

 Spells                   Type           Power      Damage    Failure   Level
 Shatter                  Erth           53%        3d40*     19%         9
 Chain Lightning          Conj/Air       45%        3d60      88%         9
 Fire Storm               Conj/Fire      41%        8d11      99%         9
 Foxfire                  Conj/Fire      100%       2x1d9     0%          1
 Magic Dart               Conj           100%       1d8       0%          1
 Shock                    Conj/Air       100%       1d9       0%          1
 Static Discharge         Conj/Air       91%        N/A       0%          2
 Lee's Rapid Deconstruct  Erth           53%        3d26*     0%          5
 Animate Skeleton         Necr           100%       N/A       1%          1
 Apportation              Tloc           100%       N/A       1%          1
 Slow                     Hex            100%       N/A       1%          1
 Sting                    Tmut/Pois      100%       1d8       1%          1
 Summon Small Mammal      Summ           100%       N/A       1%          1
 Call Imp                 Summ           37%        N/A       1%          2
 Ensorcelled Hibernation  Hex/Ice        100%       N/A       1%          2
 Scorch                   Fire           58%        2d7       1%          2
 Sublimation of Blood     Necr           66%        N/A       1%          2
 Confusing Touch          Hex            44%        N/A       1%          3
 Conjure Flame            Conj/Fire      83%        6-21      1%          3
 Dazzling Flash           Conj/Hex       100%       N/A       1%          3
 Gell's Gravitas          Tloc           66%        N/A       1%          3
 Ignite Poison            Fire/Tmut/Pois 53%        N/A       1%          3
 Lesser Beckoning         Tloc           66%        N/A       1%          3
 Spider Form              Tmut/Pois      62%        N/A       1%          3
 Swiftness                Air            60%        N/A       1%          3
 Teleport Other           Tloc           66%        N/A       1%          3
 Tukima's Dance           Hex            44%        N/A       1%          3
 Vampiric Draining        Necr           66%        2d10      1%          3
 Airstrike                Air            30%        N/A       1%          4
 Dispel Undead            Necr           66%        3d23      1%          4
 Fulminant Prism          Conj/Hex       43%        3d20      1%          4
 Leda's Liquefaction      Hex/Erth       41%        N/A       1%          4
 Petrify                  Tmut/Erth      79%        N/A       1%          4
 Sticky Flame             Conj/Fire      83%        2d9       1%          4
 Fireball                 Conj/Fire      41%        3d17      1%          5
 Irradiate                Conj/Tmut      41%        3d27      1%          5
 Starburst                Conj/Fire      41%        6d12      1%          6
 Lehudib's Crystal Spear  Conj/Erth      55%        10d13     1%          8
 Call Canine Familiar     Summ           37%        N/A       2%          3
 Summon Guardian Golem    Hex/Summ       40%        N/A       2%          3
 Anguish                  Hex/Necr       28%        N/A       2%          4
 Manifold Assault         Tloc           66%        N/A       3%          5
 Alistair's Intoxication  Tmut/Pois      41%        N/A       4%          5
 Statue Form              Tmut/Erth      52%        N/A       4%          6
 Spellforged Servitor     Conj/Summ      42%        N/A       4%          7
 Eringya's Noxious Bog    Tmut/Pois      31%        N/A       8%          6
 Metabolic Englaciation   Hex/Ice        26%        N/A       11%         5
 Dispersal                Tloc           33%        N/A       19%         6
 Ozocubu's Refrigeration  Ice            30%        4d11      41%         7
 Haunt                    Necr/Summ      27%        N/A       96%         7
 Enfeeble                 Hex            22%        N/A       99%         7
 Storm Form               Tmut/Air       23%        N/A       99%         7
 Borgnjor's Revivificati  Necr           33%        N/A       100%        8
 Disjunction              Tloc           33%        N/A       100%        8
 Ignition                 Fire           14%        3d6       100%        8
 Necromutation            Tmut/Necr      25%        N/A       100%        8
 Death's Door             Necr           33%        N/A       100%        9
 Animate Armour           Summ/Erth      Unusable   N/A       N/A         4

Dungeon Overview and Level Annotations

Branches:
Dungeon (15/15)            Temple (1/1) D:5            Lair (6/6) D:9
 Shoals (4/4) Lair:3       Spider (4/4) Lair:4        Slime (0/5) Lair:6
    Orc (2/2) D:10            Elf (3/3) Orc:2        Vaults (5/5) D:13
  Crypt (0/3) Vaults:3     Depths (4/4) D:15            Zot (1/5) Depths:4
Ossuary (visited)          WizLab (visited)         Gauntlet (visited)

Altars:
Ashenzari
Cheibriados
Dithmenos
Elyvilon
Fedhas
Gozag
Hepliaklqana
Kikubaaqudgha
Makhleb
Nemelex Xobeh
Okawaru
Qazlal
Ru
Sif Muna
Trog
Uskayaw
Vehumet
Wu Jian
Xom
Yredelemnul
Zin
The Shining One
Beogh

Shops:
D:3 *   D:6 (!![=   D:15 [**?   Orc:2 ((*[*   Elf:2 (=*!*(   Elf:3 *
Vaults:1 (   Vaults:3 :[*:   Vaults:4 !   Depths:1 [

Portals:
Hell: Depths:1 Depths:2 Depths:3 Depths:4
Abyss: Depths:2 Depths:3
Pandemonium: Depths:2 Depths:4
Ziggurat: Depths:3

Annotations:
Elf:2 5 runed translucent doors
Depths:4 3 runed translucent doors, Byzxis's ghost, journeyman GrFi


Innate Abilities, Weirdness & Mutations

You can breathe blasts of noxious fumes.
Your lurid green scales are hard. (AC +12)
You cannot fit into any form of body armour.
Your tail ends in a venomous barb.
Your system is resistant to poisons. (rPois)
You are cold-blooded and may be slowed by cold attacks.
You have a pair of small horns on your head.


Message History

You feel as though you will be slow longer.
The green draconian monk rages.
The black draconian is engulfed in freezing vapours.
The black draconian seems to slow down.
The red draconian scorcher is engulfed in freezing vapours.
You feel much better. You block the death cob's attack. x2
The death cob hits you but does no damage.
The tentacled monstrosity tentacle-slaps you!
* * * LOW HITPOINT WARNING * * *
The tentacled monstrosity closely misses you. x3
The green draconian monk misses you. x2
The green draconian monk tail-slaps you!
* * * LOW HITPOINT WARNING * * *
The green draconian monk misses you. The death cob closely misses you.
The tentacled monstrosity tentacle-slaps you but does no damage.
The tentacled monstrosity tentacle-slaps you!
* * * LOW HITPOINT WARNING * * *
The tentacled monstrosity tentacle-slaps you but does no damage.
The tentacled monstrosity grabs you.
The tentacled monstrosity constricts you.
Unknown command.
Unknown command.
You feel much better.
The death cob hits you but does no damage.
You block the death cob's attack. The green draconian monk hits you!
* * * LOW HITPOINT WARNING * * *
You block the green draconian monk's attack.
The green draconian monk tail-slaps you.
* * * LOW HITPOINT WARNING * * *
The green draconian monk tail-slaps you!
* * * LOW HITPOINT WARNING * * *
The tentacled monstrosity misses you.
The tentacled monstrosity tentacle-slaps you but does no damage. x2
The tentacled monstrosity constricts you.
* * * LOW HITPOINT WARNING * * *
The death cob hits you but does no damage.
The green draconian monk hits you.
* * * LOW HITPOINT WARNING * * *
The green draconian monk kicks you!
You die...

...d.......#
../....qq§§#
########d§☼#
#§§§# #..q#
#..d# #.dq#
#.zX# #dq@#
#..D# #...#
#.... #....
#.dq..
#...## #...#


You could see a tentacled monstrosity (berserk), a green draconian monk
(berserk), a black draconian knight (fast, invisible, very poisoned, slow), a
golden dragon, a black draconian (very poisoned, slow), a yellow draconian
(berserk, very poisoned), a green draconian (slow), a purple draconian
(poisoned, slow), a white draconian, a death cob, a white draconian stormcaller,
2 draconians and a red draconian scorcher (very poisoned, slow).

Vanquished Creatures
  2 juggernauts (Depths:3)
  Bai Suzhen (Elf:2)
  Margery (Depths:4)
  5 golden dragons
  the Enchantress (Depths:4)
  The ghost of Gulizxoud the Black Belt, an adept DjVM of Nemelex Xobeh (Vaults:1)
  A bone dragon (Vaults:3)
  The ghost of lfo the Warrior, an adept DjEE of Makhleb (Elf:2)
  The ghost of gabibbone the Slayer, an adept MiFi of Okawaru (Vaults:1)
  3 tentacled monstrosities
  A walking crystal tome (Depths:2)
  5 liches
  2 deep elf blademasters (Elf:3)
  2 deep elf master archers (Elf:3)
  4 quicksilver dragons
  The ghost of Subbak the Corrupter of Planes, an adept FoAK of Lugonu (Vaults:1)
  7 titans
  Kirke (Lair:4)
  2 sphinxes
  8 shadow dragons
  4 ancient champions (WizLab)
  Agnes (Lair:4)
  13 tengu reavers
  4 storm dragons
  2 revenants (WizLab)
  Donald (Shoals:1)
  A cacodemon (Depths:4)
  9 frost giants
  5 emperor scorpions
  A draconian scorcher (Depths:4)
  5 deep elf sorcerers
  The ghost of robertstho the Eclecticist, an adept DjFE of Makhleb (Orc:1)
  14 vault wardens
  2 iron dragons (Depths:3)
  8 fire giants
  3 deep elf elementalists (Elf:3)
  3 ghost moths
  2 caustic shrike zombies (WizLab)
  A spectral caustic shrike (WizLab)
  4 spriggan defenders
  2 war gargoyles (Vaults:5)
  21 stone giants
  13 ironbound preservers
  2 vampire knights
  18 very ugly things
  A green draconian (Depths:4)
  2 broodmothers
  5 deep elf demonologists
  10 ironbound thunderhulks
  Nessos (Lair:4)
  3 halazid warlocks (WizLab)
  3 minotaurs (Shoals:4)
  2 black draconians (Depths:4)
  2 white draconians (Depths:4)
  7 deep elf annihilators
  4 red draconians (Depths:4)
  11 dire elephants
  10 entropy weavers
  A purple draconian (Zot:1)
  6 deep elf death magi
  6 spark wasps
  2 eidola (WizLab)
  The ghost of initializr the Thaumaturge, a journeyman DEEE of Vehumet (Lair:4)
  13 fire dragons
  5 deep elf high priests
  7 ettins
  3 great orbs of eyes
  A quicksilver dragon zombie (WizLab)
  A spectral quicksilver dragon (WizLab)
  Harold (Orc:1)
  11 yaktaur captains
  3 jiangshi (WizLab)
  A merfolk javelineer (Shoals:2)
  6 merfolk impalers
  5 ice dragons
  Erolcha (D:11)
  7 boulder beetles
  4 spriggan air magi
  31 vault guards
  12 ironbound frosthearts
  6 hydras
  A merfolk aquamancer (Shoals:2)
  3 merfolk avatars
  2 centaur warriors
  A juggernaut simulacrum (Depths:2)
  3 ogre magi
  The ghost of Megustar the Arsonist, a journeyman DEFE of Vehumet (Orc:1)
  2 radroaches (Spider:4)
  3 catoblepae
  Erica (D:11)
  A death yak (Lair:6)
  14 two-headed ogres
  6 deep troll earth magi
  9 satyrs
  14 dancing weapons
  2 vampire magi (WizLab)
  A death scarab (Spider:2)
  Urug (D:12)
  4 deep troll shamans (Depths:2)
  6 tengu warriors
  2 hell hogs (Depths:3)
  11 spriggan berserkers
  A soul eater (Depths:4)
  The ghost of Megustar the Arsonist, a journeyman DEFE of Vehumet (Orc:1)
  5 orc high priests (Orc:2)
  12 deep elf knights
  8 sun demons (Depths:3)
  13 hell knights
  A titan skeleton (Vaults:4)
  2 shadow wraiths (WizLab)
  An iron troll (shapeshifter) (Depths:3)
  An iron troll (Depths:3)
  Lodul (D:10)
  8 pharaoh ants
  A sun moth (Spider:4)
  9 sea snakes
  9 skeletal warriors
  3 flayed ghosts
  A spark wasp zombie (Depths:2)
  A storm dragon skeleton (Depths:2)
  3 glowing orange brains
  19 deep trolls
  10 orb spiders
  9 steelbarb worms
  9 deep elf archers
  21 ironbound convokers
  A steelbarb worm (shapeshifter) (Vaults:5)
  6 wizards
  A golden dragon skeleton (Depths:2)
  2 lindwurms (Lair:5)
  8 phantasmal warriors
  9 orc knights
  11 harpies
  A spectral wolf spider (WizLab)
  A stone giant zombie (Depths:1)
  2 orc sorcerers
  39 ugly things
  14 necromancers
  A tengu skeleton (Vaults:1)
  28 deep elf zephyrmancers
  2 sphinx skeletons
  27 deep elf pyromancers
  A human zombie (Vaults:1)
  An iron dragon zombie (Depths:1)
  20 wolf spiders
  2 frost giant zombies (Depths:1)
  A salamander (Depths:3)
  20 manticores
  2 spectral spriggans (WizLab)
  7 moths of wrath
  10 fauns
  7 cyclopes
  A fire giant skeleton (Depths:1)
  4 elephants (Lair:1)
  5 torpor snails
  4 merfolk sirens
  4 water nymphs
  12 vault sentinels
  An eye of devastation (Depths:3)
  An eye of devastation (shapeshifter) (Vaults:1)
  3 black mambas
  A gargoyle (D:11)
  10 cane toads
  4 spriggan zombies
  9 demonic crawlers
  2 kobold demonologists (D:11)
  3 rime drakes
  2 unseen horrors
  40 yaktaurs
  2 tengu conjurers
  A human skeleton (Vaults:1)
  A hellwing (Depths:4)
  10 komodo dragons
  A red devil (Depths:4)
  4 harpy zombies (Shoals:1)
  16 merfolk
  5 trolls
  2 polar bears (Lair:6)
  An elf skeleton (Vaults:1)
  15 meliai
  A spectral harpy (WizLab)
  A queen bee (Lair:1)
  8 blink frogs
  2 wind drakes
  Grinder (D:5)
  33 slime creatures
  3 dream sheep (Shoals:2)
  2 raiju (shapeshifter)
  8 hornets
  29 tarantellas
  12 snapping turtles
  An air elemental (Elf:3)
  10 flying skulls (WizLab)
  19 culicivoras
  37 jumping spiders
  3 shadows
  4 wyverns
  5 basilisks
  56 yaks
  14 spriggans
  4 wraiths
  Eustachio (D:5)
  2 hogs (Lair:4)
  3 humans (Lair:4)
  8 water elementals
  4 vampire mosquitoes (D:14)
  3 steam dragons
  3 fire elementals
  A chaos spawn (Depths:4)
  3 fire bats (Elf:3)
  Grum (D:11)
  51 redbacks
  A spriggan simulacrum (Depths:1)
  A hell hound (Depths:3)
  A warg (Orc:2)
  2 swamp worms (shapeshifter)
  An acid dragon (D:10)
  A floating eye (shapeshifter) (Vaults:5)
  14 water moccasins
  A floating eye (Depths:3)
  34 orc warriors
  4 boggarts (Vaults:1)
  9 ogres
  5 centaurs
  18 wolves
  2 phantoms
  2 kobold brigands
  14 bullfrogs
  10 scorpions
  2 gnoll sergeants
  3 necrophages
  7 wights (D:8)
  30 killer bees
  2 human simulacra (Vaults:4)
  5 howler monkeys
  2 electric eels
  A lava snake (Elf:3)
  4 centaur zombies (Ossuary)
  A jelly (D:6)
  29 orc priests
  4 hounds
  Crazy Yiuf (D:2)
  Ijyb (D:4)
  2 scorpion zombies (Ossuary)
  Jessica (D:2)
  Terence (D:3)
  Natasha (thrice) (D:4)
  2 iguanas
  19 orc wizards
  7 hell rats (Lair:2)
  3 mummies (Ossuary)
  10 gnolls
  3 adders
  2 white imps (D:6)
  3 dart slugs
  61 orcs
  2 bat zombies (Shoals:1)
  2 endoplasms (D:1)
  2 giant cockroaches
  A gnoll zombie (Ossuary)
  2 goblins
  4 hobgoblins
  4 jackals
  5 quokkas
  5 ball pythons
  3 bats
  2 frilled lizards (D:3)
  4 goblin zombies
  2 hobgoblin zombies (Ossuary)
  16 kobolds
  A kobold zombie (Ossuary)
  An orc zombie (Ossuary)
  A quokka zombie (D:4)
  5 rats
1734 creatures vanquished.

Vanquished Creatures (collateral kills)
  An ironbound thunderhulk (Vaults:2)
  An orb spider (Spider:1)
  A hornet (Depths:1)
  A killer bee (D:9)
4 creatures vanquished.

Vanquished Creatures (others)
  A bush (Lair:5)
  41 fungi
  86 plants
  4 toadstools (Depths:1)
  4 withered plants (Orc:1)
136 creatures vanquished.

Grand Total: 1874 creatures vanquished

Notes
Turn   | Place    | Note
-------+----------+-------------------------------------------
     0 | D:1      | tilp the Draconian Hedge Wizard began the quest for the
                  | Orb.
     0 | D:1      | Reached XP level 1. HP: 14/14 MP: 4/4
     6 | D:1      | Noticed a salamander
     6 | D:1      | Noticed a rime drake
     6 | D:1      | Noticed a polar bear
     7 | D:1      | Noticed an iguana
     7 | D:1      | Noticed a swamp worm
   241 | D:1      | Found a faded altar of an unknown god.
   374 | D:1      | Reached XP level 2. HP: 17/22 MP: 6/6
   381 | D:1      | Reached skill level 1 in Fighting
   625 | D:1      | Learned a level 1 spell: Slow
   628 | D:1      | Learned a level 2 spell: Blink
  1209 | D:2      | Noticed Jessica
  1222 | D:2      | Killed Jessica
  1223 | D:2      | Reached XP level 3. HP: 29/29 MP: 5/7
  1368 | D:2      | Found an iron altar of Okawaru.
  1618 | D:2      | Found a runed translucent door.
  1619 | D:2      | Noticed Crazy Yiuf
  1734 | D:3      | Reached skill level 2 in Fighting
  1832 | D:3      | Found Wistrith's General Store.
  2285 | D:3      | Noticed Terence
  2662 | D:4      | Found a sand-covered staircase.
  2679 | Ossuary  | Entered an ossuary
  2686 | Ossuary  | Noticed a scorpion
  2692 | Ossuary  | Killed a scorpion
  2693 | Ossuary  | Reached XP level 4. HP: 36/36 MP: 8/8
  2716 | Ossuary  | Noticed a scorpion
  2729 | Ossuary  | Killed a scorpion
  2730 | Ossuary  | Reached skill level 1 in Throwing
  2730 | Ossuary  | Reached skill level 1 in Hexes
  2730 | Ossuary  | Reached XP level 5. HP: 15/42 MP: 9/9
  2976 | Ossuary  | Reached XP level 6. HP: 50/50 MP: 10/10
  3048 | Ossuary  | Reached skill level 3 in Fighting
  3196 | Ossuary  | Your scales start taking on a lurid green colour.
  3196 | Ossuary  | Reached XP level 7. HP: 58/58 MP: 11/11
  3196 | Ossuary  | Gained mutation: Your system is resistant to poisons.
                  | (rPois) [Green Draconian growth]
  3221 | Ossuary  | Learned a level 3 spell: Mephitic Cloud
  3238 | Ossuary  | Reached skill level 4 in Fighting
  3293 | Ossuary  | Reached skill level 1 in Poison Magic
  3427 | Ossuary  | Reached skill level 1 in Air Magic
  3676 | D:2      | Killed Crazy Yiuf
  3687 | D:2      | Identified the +10 mace "Iparung" {vamp, rElec Str+3 Int+3}
  3785 | D:3      | Killed Terence
  4057 | D:4      | Reached XP level 8. HP: 67/67 MP: 13/13
  4196 | D:4      | Reached skill level 1 in Maces & Flails
  4196 | D:4      | You fall into a shaft and drop 2 floors!
  4253 | D:5      | Entered Level 5 of the Dungeon
  4532 | D:5      | Noticed Eustachio
  4556 | D:5      | Killed Eustachio
  4557 | D:5      | Reached skill level 5 in Fighting
  4627 | D:5      | Learned a level 3 spell: Stone Arrow
  4737 | D:4      | Noticed Natasha
  4739 | D:4      | Killed Natasha
  5000 | D:4      | Noticed Ijyb
  5011 | D:4      | Killed Ijyb
  5607 | D:4      | Noticed Natasha
  5627 | D:4      | Killed Natasha
  5789 | D:4      | Noticed Natasha
  5795 | D:4      | Killed Natasha
  5801 | D:5      | Found a staircase to the Ecumenical Temple.
  5822 | Temple   | Entered the Ecumenical Temple
  6353 | Temple   | Became a worshipper of Vehumet
  6498 | D:5      | Found an iron altar of Okawaru.
  6498 | D:5      | Found a glowing golden altar of the Shining One.
  6805 | D:5      | Noticed Grinder
  6817 | D:5      | Killed Grinder
  6818 | D:5      | Reached XP level 9. HP: 43/75 MP: 15/15
  7300 | D:6      | Found Tumoleev's Distillery.
  7311 | D:6      | Bought a potion of might for 40 gold pieces
  7327 | D:6      | Reached skill level 6 in Fighting
  7446 | D:6      | Found Deul's Jewellery Emporium.
  7528 | D:6      | Found Wafazel's Distillery.
  7536 | D:6      | Bought a potion of mutation for 96 gold pieces
  7536 | D:6      | Bought a potion of attraction for 36 gold pieces
  7536 | D:6      | Bought a potion of lignification for 36 gold pieces
  7537 | D:6      | Found Neuk's Antique Weapon Shoppe.
  7590 | D:6      | Reached skill level 5 in Conjurations
  7590 | D:6      | Reached skill level 1 in Earth Magic
  7625 | D:6      | Found Etiojuer's Armour Boutique.
  8262 | D:7      | Reached skill level 5 in Spellcasting
  8332 | D:7      | Noticed a boulder beetle
  8375 | D:7      | Killed a boulder beetle
  8510 | D:7      | Reached * piety under Vehumet
  8510 | D:7      | Offered knowledge of Freeze by Vehumet.
  9426 | D:8      | Reached XP level 10. HP: 84/84 MP: 18/18
  9834 | D:8      | Reached skill level 7 in Fighting
  9834 | D:8      | Reached skill level 5 in Maces & Flails
  9834 | D:8      | Reached skill level 5 in Dodging
 10130 | D:9      | Found a staircase to the Lair.
 10609 | D:9      | Reached ** piety under Vehumet
 10609 | D:9      | Offered knowledge of Searing Ray by Vehumet.
 10610 | D:9      | Reached skill level 1 in Evocations
 10893 | D:9      | Noticed a two-headed ogre
 10916 | D:9      | Killed a two-headed ogre
 11980 | D:10     | Entered Level 10 of the Dungeon
 12021 | D:10     | Noticed Lodul
 12021 | D:10     | Noticed a two-headed ogre
 12021 | D:10     | Noticed a two-headed ogre
 12021 | D:10     | Noticed a two-headed ogre
 12052 | D:10     | Killed a two-headed ogre
 12053 | D:10     | Reached XP level 11. HP: 94/94 MP: 20/20
 12061 | D:10     | Killed a two-headed ogre
 12470 | D:10     | Reached skill level 9 in Fighting
 12470 | D:10     | Reached XP level 12. HP: 86/106 MP: 21/21
 12866 | D:10     | Noticed a two-headed ogre
 12902 | D:10     | Offered knowledge of Dazzling Flash by Vehumet.
 12975 | D:10     | Found a staircase to the Orcish Mines.
 13124 | D:10     | Killed a two-headed ogre
 13125 | D:10     | Reached skill level 10 in Fighting
 13128 | D:10     | Noticed a catoblepas
 13145 | D:10     | Noticed a two-headed ogre
 13150 | D:10     | Killed a two-headed ogre
 13163 | D:10     | Noticed a two-headed ogre
 13171 | D:10     | Killed a two-headed ogre
 13176 | D:10     | Killed a two-headed ogre
 13177 | D:10     | Reached skill level 10 in Conjurations
 13178 | D:10     | Killed a catoblepas
 13178 | D:10     | Reached *** piety under Vehumet
 13185 | D:10     | Killed Lodul
 13533 | D:6      | Bought a twisted demon whip for 540 gold pieces
 13533 | D:6      | Identified the +5 demon whip "Kuanall" {drain, *Noise rElec
                  | rCorr Str+5} (You bought it in a shop on level 6 of the
                  | Dungeon)
 13534 | D:6      | Bought a jewelled dire flail for 243 gold pieces
 13534 | D:6      | Identified the +2 dire flail "Qoczud" {drain, Drain rCorr
                  | Int+5 Stlth+} (You bought it in a shop on level 6 of the
                  | Dungeon)
 13608 | D:11     | Noticed Erica
 13618 | D:11     | Killed Erica
 13630 | D:11     | Noticed Grum
 13640 | D:11     | Killed Grum
 13645 | D:11     | Found a gate leading to a gauntlet.
 13646 | D:11     | Noticed a two-headed ogre
 13647 | D:11     | Noticed an ogre mage
 13647 | D:11     | Noticed a two-headed ogre
 13647 | D:11     | Noticed a two-headed ogre
 13662 | D:11     | Killed an ogre mage
 13663 | D:11     | Reached skill level 10 in Maces & Flails
 13664 | D:11     | Killed a two-headed ogre
 13670 | D:11     | Killed a two-headed ogre
 13676 | D:11     | Killed a two-headed ogre
 13676 | D:11     | Offered knowledge of Olgreb's Toxic Radiance by Vehumet.
 13679 | Gauntlet | Entered a Gauntlet
 13679 | Gauntlet | Found a transporter.
 13685 | Gauntlet | Learned a level 4 spell: Olgreb's Toxic Radiance
 13912 | Gauntlet | Found a transporter.
 13915 | Gauntlet | Found a transporter.
 13916 | Gauntlet | Found a transporter.
 13924 | Gauntlet | Found a transporter.
 13927 | Gauntlet | Found a transporter.
 13928 | Gauntlet | Found a transporter.
 13938 | Gauntlet | Found a transporter.
 13940 | Gauntlet | Found a transporter.
 13941 | Gauntlet | Found a transporter.
 13947 | Gauntlet | Found a runed translucent gate.
 13947 | Gauntlet | Found a runed translucent gate.
 13947 | Gauntlet | Noticed a reaper
 13949 | Gauntlet | Found a runed translucent gate.
 13949 | Gauntlet | Found a transporter.
 13952 | Gauntlet | Found a transporter.
 13953 | Gauntlet | Found a transporter.
 13959 | Gauntlet | Noticed a quicksilver ooze
 13961 | Gauntlet | Found a transporter.
 14293 | D:11     | Noticed Erolcha
 14306 | D:11     | Killed Erolcha
 14352 | D:11     | Noticed a two-headed ogre
 14372 | D:11     | Killed a two-headed ogre
 14373 | D:11     | Reached XP level 13. HP: 91/113 MP: 23/23
 14394 | D:11     | Identified the +9 hunting sling of Zibrap {flame, Str+4}
 14615 | D:11     | Reached skill level 5 in Poison Magic
 15087 | Orc:1    | Entered Level 1 of the Orcish Mines
 15331 | Orc:1    | Found a runed translucent gate.
 15332 | Orc:1    | Found a runed translucent gate.
 15333 | Orc:1    | Found a runed translucent gate.
 15334 | Orc:1    | Noticed Megustar's ghost (journeyman DEFE)
 15334 | Orc:1    | Noticed Megustar's ghost (journeyman DEFE)
 15334 | Orc:1    | Noticed robertstho's ghost (adept DjFE)
 15511 | Orc:1    | Noticed Harold
 15520 | Orc:1    | Killed Harold
 15692 | Orc:2    | Entered Level 2 of the Orcish Mines
 15715 | Orc:2    | Reached **** piety under Vehumet
 15778 | Orc:2    | Offered knowledge of Yara's Violent Unravelling by Vehumet.
 15815 | Orc:2    | Found Ruhiut's Antique Weapon Emporium.
 15816 | Orc:2    | Found a flickering gateway to a bazaar.
 15945 | Orc:2    | Found a staircase to the Elven Halls.
 15992 | Bazaar   | Entered a bazaar
 16000 | Bazaar   | Found Afair's Antique Armour Shop.
 16000 | Bazaar   | Found Xighuwnau's Jewellery Shop.
 16046 | Bazaar   | Bought a runed buckler for 180 gold pieces
 16209 | Orc:2    | Reached skill level 1 in Shields
 16378 | Orc:2    | Reached ***** piety under Vehumet
 16426 | Orc:2    | Offered knowledge of Iron Shot by Vehumet.
 17132 | Orc:2    | Reached skill level 5 in Evocations
 17444 | Orc:2    | Found Enwox's Weapon Shoppe.
 17456 | Orc:2    | Found Veput's Antique Armour Emporium.
 17543 | Orc:2    | Found Qiesteble's General Store.
 17544 | Orc:2    | Found Xogral's General Store.
 17550 | Orc:2    | Bought a pair of boots for 94 gold pieces
 17572 | Orc:2    | Learned a level 6 spell: Iron Shot
 17719 | D:6      | Bought a +1 cloak for 138 gold pieces
 17775 | Lair:1   | Entered Level 1 of the Lair of Beasts
 17781 | Lair:1   | Identified the ring of Xoatt {rPois rC+ Slay+4}
 18420 | Lair:1   | Reached skill level 11 in Fighting
 18545 | Lair:1   | Offered knowledge of Eringya's Noxious Bog by Vehumet.
 19100 | Lair:2   | Gained mutation: Your tail ends in a venomous barb. [Green
                  | Draconian growth]
 19100 | Lair:2   | Reached XP level 14. HP: 122/124 MP: 24/24
 21048 | Lair:3   | Found a staircase to the Shoals.
 21053 | Lair:3   | Offered knowledge of Orb of Destruction by Vehumet.
 21633 | Lair:4   | Found a transporter.
 21698 | Lair:4   | Reached skill level 12 in Fighting
 21812 | Lair:4   | Found a bloodstained altar of Trog.
 21812 | Lair:4   | Noticed initializr's ghost (journeyman DEEE)
 21823 | Lair:4   | Found a transporter.
 22026 | Lair:4   | Found a hole to the Spider Nest.
 22217 | Lair:4   | Noticed Nessos
 22229 | Lair:4   | Killed Nessos
 22269 | Lair:4   | Noticed Kirke
 22281 | Lair:4   | Killed Kirke
 22836 | Lair:4   | Learned a level 7 spell: Orb of Destruction
 24156 | Lair:6   | Entered Level 6 of the Lair of Beasts
 24673 | Lair:6   | Identified the +0 short sword "Beetleslayer" {speed, rF++
                  | rCorr Int+2}
 24699 | Lair:6   | Found a staircase to the Slime Pits.
 25057 | Lair:6   | Offered knowledge of Iskenderun's Battlesphere by Vehumet.
 25447 | Lair:6   | Reached skill level 5 in Earth Magic
 26037 | Lair:6   | Reached XP level 15. HP: 127/132 MP: 27/27
 27020 | D:12     | Found the +18 Lear's hauberk
 27021 | D:12     | Noticed Urug
 27027 | D:12     | Killed Urug
 29188 | D:13     | Found a gate to the Vaults.
 30082 | D:14     | Offered knowledge of Freezing Cloud by Vehumet.
 30089 | D:14     | Learned a level 5 spell: Freezing Cloud
 30120 | D:14     | Found a shimmering blue altar of Sif Muna.
 30661 | D:14     | Identified the +3 chain mail of Darkness {Rampage Will+}
 31057 | D:15     | Entered Level 15 of the Dungeon
 31167 | D:15     | Reached skill level 5 in Stealth
 31185 | D:15     | Reached skill level 5 in Shields
 31196 | D:15     | Reached skill level 5 in Throwing
 31412 | D:15     | Found Kueggod's Assorted Antiques.
 31427 | D:15     | Found Gexkiome's Antique Armour Shoppe.
 32116 | D:15     | Found a glowing golden altar of the Shining One.
 32286 | D:15     | Found Caug's Magic Scroll Shoppe.
 32298 | D:15     | Bought a scroll of blinking for 120 gold pieces
 32394 | D:15     | Found Lats's Assorted Antiques.
 32703 | D:15     | Found a staircase to the Depths.
 32890 | D:15     | Bought a shiny kite shield for 277 gold pieces
 33113 | D:6      | Bought the ring "Judif" {Drain Fly Str+8 Int+6} for 579
                  | gold pieces
 33225 | Shoals:1 | Entered Level 1 of the Shoals
 33615 | Shoals:1 | Noticed Donald
 33618 | Shoals:1 | Killed Donald
 34589 | Shoals:2 | Reached XP level 16. HP: 141/141 MP: 9/29
 34622 | Shoals:2 | Offered knowledge of Conjure Ball Lightning by Vehumet.
 34649 | Shoals:2 | Reached skill level 13 in Fighting
 37077 | Shoals:3 | Reached skill level 10 in Dodging
 37980 | Spider:1 | Entered Level 1 of the Spider Nest
 37989 | Spider:1 | Reached skill level 14 in Fighting
 38079 | Spider:1 | Noticed Agnes
 38577 | Lair:4   | Killed Agnes
 38976 | Spider:1 | Offered knowledge of Maxwell's Capacitive Coupling by
                  | Vehumet.
 39371 | Spider:1 | Reached skill level 15 in Fighting
 39990 | Spider:1 | Identified the +1 fustibalus of Bellicose Guilt {venom,
                  | rC+++ Str+5 Int-2 Stlth-}
 41551 | Spider:2 | You are sucked into a shaft and drop 1 floor!
 42169 | Spider:1 | Reached ****** piety under Vehumet
 43060 | Spider:3 | Reached XP level 17. HP: 128/156 MP: 23/30
 43375 | Spider:3 | Reached skill level 1 in Ice Magic
 43706 | Spider:3 | Offered knowledge of Fire Storm by Vehumet.
 43706 | Spider:3 | Offered knowledge of Shatter by Vehumet.
 43706 | Spider:3 | Offered knowledge of Chain Lightning by Vehumet.
 45115 | Spider:4 | Entered Level 4 of the Spider Nest
 46484 | Spider:4 | Reached skill level 10 in Poison Magic
 47363 | Spider:4 | Reached skill level 16 in Fighting
 48031 | Spider:4 | Got a gossamer rune of Zot
 48343 | D:6      | Bought an amulet of magic regeneration for 360 gold pieces
 48499 | Orc:1    | Killed robertstho's ghost
 48508 | Orc:1    | Killed Megustar's ghost
 48513 | Orc:1    | Killed Megustar's ghost
 48779 | Shoals:4 | Entered Level 4 of the Shoals
 49990 | Shoals:4 | Reached XP level 18. HP: 166/166 MP: 21/31
 50883 | Shoals:4 | Got a barnacled rune of Zot
 51005 | Shoals:4 | Learned a level 4 spell: Iskenderun's Mystic Blast
 51130 | Lair:4   | Killed initializr's ghost
 51131 | Lair:4   | Reached skill level 15 in Conjurations
 51480 | Vaults:1 | Entered Level 1 of the Vaults
 51705 | Vaults:1 | Reached skill level 17 in Fighting
 51705 | Vaults:1 | You are sucked into a shaft and drop 1 floor!
 53016 | Vaults:1 | Reached skill level 18 in Fighting
 53247 | Vaults:1 | Noticed a lich
 53264 | Vaults:1 | Killed a lich
 53468 | Vaults:1 | Identified a scroll of acquirement
 53473 | Vaults:1 | Acquired 611 gold pieces
 53531 | Vaults:1 | Found a runed translucent gate.
 53531 | Vaults:1 | Found a runed translucent gate.
 53532 | Vaults:1 | Found a runed translucent gate.
 53532 | Vaults:1 | Noticed gabibbone's ghost (adept MiFi)
 53532 | Vaults:1 | Noticed Gulizxoud's ghost (adept DjVM)
 53532 | Vaults:1 | Noticed Subbak's ghost (adept FoAK)
 54292 | Vaults:1 | Found Badigyll's Antique Weapon Boutique.
 55271 | Vaults:2 | Reached skill level 10 in Earth Magic
 55372 | Vaults:2 | Noticed a lich
 55387 | Vaults:2 | Killed a lich
 55541 | Vaults:2 | Reached skill level 10 in Spellcasting
 55544 | Vaults:2 | Reached XP level 19. HP: 39/179 MP: 17/33
 56962 | Vaults:2 | Paralysed by a great orb of eyes for 7 turns
 57324 | Vaults:3 | Found a magical portal.
 57333 | WizLab   | Entered Borgnjor's Mausoleum
 59292 | WizLab   | Got Borgnjor's Volume of Necromancy
 59299 | WizLab   | Learned a level 5 spell: Borgnjor's Vile Clutch
 59703 | Vaults:3 | Reached skill level 1 in Necromancy
 60385 | Vaults:3 | Found Meph's Book Shop.
 60565 | Vaults:3 | Found Sinlifui's Armour Boutique.
 60574 | Vaults:3 | Noticed a bone dragon
 60600 | Vaults:3 | Killed a bone dragon
 60776 | Vaults:3 | Found Ukkyhol's Book Shop.
 60778 | Vaults:3 | Found Sidiofui's General Store.
 60795 | Vaults:3 | Bought a manual of Fighting for 1280 gold pieces
 61287 | Vaults:3 | Found a staircase to the Crypt.
 62244 | Vaults:4 | Reached XP level 20. HP: 129/189 MP: 33/35
 62657 | Vaults:4 | Found Uveadica's Distillery.
 63102 | Vaults:4 | Reached skill level 19 in Fighting
 64847 | Elf:1    | Entered Level 1 of the Elven Halls
 64883 | Elf:1    | Reached skill level 20 in Fighting
 64925 | Elf:1    | Found a radiant altar of Vehumet.
 65243 | Elf:1    | Acquired the +9 staff of Wucad Mu {*channel}
 65243 | Elf:1    | Found the +9 staff of Wucad Mu {*channel}
 65411 | Elf:1    | Got Cixupy's Disquisition on Confrontation
 66171 | Elf:2    | Found Famagu's Weapon Boutique.
 66475 | Elf:2    | Found Raahieci's Jewellery Shop.
 66646 | Elf:2    | Found Eckyrphiv's CLEARANCE SALE!.
 66727 | Elf:2    | Found a runed translucent door.
 66788 | Elf:2    | Found Gigiho Ruqe's Distillery.
 66954 | Elf:2    | Found a huge runed translucent gate.
 66954 | Elf:2    | Found a huge runed translucent gate.
 66954 | Elf:2    | Found a huge runed translucent gate.
 66954 | Elf:2    | Found a huge runed translucent gate.
 66955 | Elf:2    | Found a huge runed translucent gate.
 67042 | Elf:2    | Identified the +1 buckler "Leatuf" {rElec rPois}
 67066 | Elf:2    | Found Xuramur's Assorted Antiques.
 67067 | Elf:2    | Found Cuniqick's Weapon Emporium.
 67330 | Elf:2    | Noticed lfo's ghost (adept DjEE)
 67423 | Elf:3    | Entered Level 3 of the Elven Halls
 67423 | Elf:3    | Noticed Bai Suzhen
 67435 | Elf:2    | Killed Bai Suzhen
 67865 | Elf:3    | Paralysed by an air elemental for 1 turns
 68029 | Elf:3    | Found Yckoxil's Elven Fire.
 69101 | Elf:3    | Identified the +6 chain mail of Nemelex Xobeh {rC+ rN+++}
 69103 | Elf:3    | Reached skill level 21 in Fighting
 69712 | Elf:3    | Reached XP level 21. HP: 204/204 MP: 24/36
 69964 | Elf:3    | Identified the +4 short sword of Gehenna {drain, rCorr
                  | Str-5 Int+4 Stlth+}
 70179 | Elf:2    | Bought the ring "Uxamim" {rElec rF+ Str+3 SInv} for 888
                  | gold pieces
 70225 | Elf:2    | Bought a pair of glowing gloves for 270 gold pieces
 70301 | Elf:2    | Killed lfo's ghost
 70307 | Elf:2    | Identified the +1 pair of boots of the Moneychanger {+Blink
                  | Int+4}
 70773 | Depths:1 | Entered Level 1 of the Depths
 71514 | Depths:1 | Found Emischoe's Antique Armour Emporium.
 71522 | Depths:1 | Bought a pair of encrusted gloves for 285 gold pieces
 71522 | Depths:1 | Identified the +2 pair of gloves "Piaczeru" {rF++ rC+
                  | Str+2} (You bought it in a shop on level 1 of the Depths)
 71857 | Depths:1 | Found an ancient bone altar of Kikubaaqudgha.
 72038 | Depths:1 | Found a gateway to Hell.
 72044 | Depths:1 | Reached skill level 10 in Evocations
 73131 | Depths:2 | Found a blossoming altar of Fedhas.
 74023 | Depths:2 | Found a one-way gate to the infinite horrors of the Abyss.
 74366 | Depths:2 | Got the Papyrus of Vitriolic Bewitchment
 75064 | Depths:2 | Found a one-way gate leading to the halls of Pandemonium.
 75570 | Depths:3 | Found a one-way gateway to a ziggurat.
 75774 | Depths:3 | Reached skill level 15 in Earth Magic
 75829 | Depths:3 | Noticed a golden dragon
 76373 | Depths:3 | Killed a golden dragon
 76565 | Depths:3 | Got the Reference Book on Cloudy Flames
 76577 | Depths:3 | Noticed a juggernaut
 76597 | Depths:3 | Killed a juggernaut
 76598 | Depths:3 | Reached XP level 22. HP: 180/213 MP: 10/39
 76617 | Depths:3 | Noticed a golden dragon
 76627 | Depths:3 | Noticed a juggernaut
 76841 | Depths:3 | Noticed a caustic shrike
 76841 | Depths:3 | a shadow dragon changed into a caustic shrike
 76843 | Depths:3 | a caustic shrike changed into an iron troll
 77007 | Depths:3 | Killed a golden dragon
 77383 | Depths:3 | Killed a juggernaut
 77552 | Depths:4 | Entered Level 4 of the Depths
 77552 | Depths:4 | Found a broken altar of Ashenzari.
 77813 | Depths:4 | Noticed a golden dragon
 77830 | Depths:3 | Killed a golden dragon
 78384 | Depths:4 | Noticed a golden dragon
 78388 | Depths:4 | Killed a golden dragon
 78829 | Depths:4 | Noticed the Enchantress
 78838 | Depths:4 | Killed the Enchantress
 79326 | Depths:4 | Found a runed translucent gate.
 79326 | Depths:4 | Found a runed translucent gate.
 79326 | Depths:4 | Found a runed translucent gate.
 79327 | Depths:4 | Noticed a golden dragon
 79337 | Depths:4 | Noticed Byzxis's ghost (journeyman GrFi)
 79675 | Depths:4 | Gained mutation: You have a pair of small horns on your
                  | head. [a cacodemon]
 80133 | Depths:4 | Noticed Margery
 80137 | Depths:4 | Killed Margery
 81122 | Depths:4 | Found a gate to the Realm of Zot.
 81123 | Depths:4 | Found a stormy altar of Qazlal.
 81145 | Depths:4 | Identified the ring "Xoanec" {Fly rPois Will+ Str+6 Slay+2}
 81504 | Vaults:1 | Killed Subbak's ghost
 81831 | Vaults:1 | Identified the +2 pair of boots "Axeq" {+Blink}
 81872 | Vaults:1 | Killed Gulizxoud's ghost
 82049 | Vaults:1 | Found Badigyll's Antique Weapon Boutique.
 82463 | Vaults:1 | Killed gabibbone's ghost
 82763 | Depths:4 | Found a runed translucent gate.
 82763 | Depths:4 | Found a runed translucent gate.
 82763 | Depths:4 | Found a runed translucent gate.
 82935 | Depths:4 | Found a broken altar of Ashenzari.
 83144 | Depths:4 | Found a gate to the Realm of Zot.
 83145 | Depths:4 | Found a stormy altar of Qazlal.
 83409 | Depths:4 | Found a gate to the Realm of Zot.
 83410 | Depths:4 | Found a stormy altar of Qazlal.
 83595 | Depths:4 | Found a broken altar of Ashenzari.
 84118 | Vaults:5 | Entered Level 5 of the Vaults
 84318 | Vaults:5 | Identified the ring of Rykhauko {Wiz rN+ Slay+5}
 84669 | Vaults:5 | Noticed a golden dragon
 84673 | Vaults:5 | Killed a golden dragon
 84781 | Vaults:5 | Identified the ring of Elyvilon's Inspiration {rF+ Str+4
                  | Int+3 SInv}
 84804 | Vaults:5 | Reached skill level 15 in Spellcasting
 85117 | Vaults:5 | Reached XP level 23. HP: 170/197 MP: 21/42
 85946 | Vaults:5 | Got the Disquisition on Enchantment
 86081 | Vaults:5 | Reached skill level 22 in Fighting
 86264 | Vaults:5 | Paralysed by a sphinx for 2 turns
 86537 | Vaults:5 | Identified the +10 quick blade of No Interval {holy, rPois
                  | Int+4 SInv}
 87181 | Vaults:5 | Got a silver rune of Zot
 87248 | Vaults:5 | Reached skill level 5 in Translocations
 87261 | Vaults:5 | Reached skill level 5 in Necromancy
 87438 | Vaults:5 | Reached XP level 24. HP: 231/231 MP: 42/42
 87747 | Vaults:5 | Identified the +5 rapier "Moptukyt" {speed, rElec rPois
                  | Int+4}
 88736 | Zot:1    | Entered Level 1 of the Realm of Zot
 88852 | Zot:1    | HP: 9/231 [green draconian monk (6)]
 88852 | Zot:1    | Slain by a green draconian monk

Illustrated notes

Levels and vault maps discovered:
D:1:      onia_arrival_zoo_common, layout_rooms,
          hellmonk_ecumenical_altar_run_dry, nrook_mini_vaults,
          dk_noncrumbling_4
D:2:      layout_basic, basic_altar, uniq_jessica, uniq_crazy_yiuf_cottage
D:3:      layout_basic, serial_shops, nicolae_shop_crystal, st_stairs_8,
          eino_tiny_chamber, uniq_terence
D:4:      minmay_wonky_spiral, layout_loops_corners, enter_ossuary_4,
          minmay_strange_pillars, kennysheep_another_room,
          kennysheep_pointless_box, uniq_ijyb, uniq_natasha
D:5:      layout_basic, grunt_temple_overflow_open, minmay_temple_entry_wispy,
          uniq_eustachio, uniq_grinder
D:6:      layout_loops_ring, serial_shops, nicolae_diamond_shop,
          nicolae_stop_n_shop_2, nicolae_shop_trees, nicolae_diamond_shop, shop,
          grunt_ministairs_13, chequers_serial_rivers_room_a
D:7:      layout_loops_cross
D:8:      layout_rooms, nicolae_straight_to_the_point
D:9:      hellmonk_crumbling_castle, layout_cave_pods, kennysheep_dice
D:10:     nzn_motion_control, layout_irregular_city, orc_0_dummy,
          minmay_liquid_box, st_stairs_14, uniq_lodul
D:11:     layout_loops_ring, gauntlet_entry_generic, minmay_joined_circles,
          uniq_erolcha, uniq_erica, uniq_grum
D:12:     layout_rooms, roderic_lattice_a, uniq_urug
D:13:     layout_loops_ring, david_vaults_5, serial_co_window_serial,
          co_window_corner_a, co_window_corner_a, co_window_paths_b,
          co_window_paths_b, co_window_paths_a, co_window_broadway_c,
          co_window_broadway_a, co_window_corner_cb, co_window_cross_4,
          co_window_of_opportunity_c, co_window_corner_b,
          co_window_unsneaky_path_d, glass_columns_c, glass_columns_b,
          glass_columns_a
D:14:     layout_roguey, ebering_dispersal_statue_hall, st_stairs_7,
          kennysheep_orc_sif_temple
D:15:     grunt_enter_depths_snipers, layout_loops_ring,
          nicolae_tso_swordbearing_angel, serial_shops,
          nicolae_shop_statue_plus, nicolae_inconvenience_store,
          nicolae_shop_behind_doors, shop
Temple:   mainiacjoe_temple_big_plus
Lair:1:   layout_gridlike, special_room [special_room_bee]
Lair:2:   layout_cave_pods, serial_bayou_shore_b
Lair:3:   layout_hall_layers, elwin_shoals_entry_stream, lemuel_fruit_fields
Lair:4:   layout_loops_ring, spider_nest_entry_web_field,
          gammafunk_ghost_wrathful_warriors, uniq_kirke, uniq_nessos
Lair:5:   layout_small_grid, fungi_pond_lemuel, columned_hall_lemuel
Lair:6:   gammafunk_lair_ancient_temple, layout_cave_pods,
          dpeg_slime_entry_corner, minivault_26, grunt_megastairs_3
Shoals:1: layout_shoals, nicolae_shoals_undead_eyrie, uniq_donald
Shoals:2: layout_shoals, nicolae_shoals_lost_giant_baths,
          nicolae_shoals_nymph_descending_staircase
Shoals:3: layout_shoals
Shoals:4: shoals_end_hellmonk_lost_city
Spider:1: layout_spider_delve, uniq_agnes
Spider:2: layout_spider_delve
Spider:3: layout_spider_delve, spiders_nest_spider_trap
Spider:4: hellmonk_spider_rune_bug_friends
Orc:1:    layout_diamond_mine, gammafunk_ghost_cemetery, mines1_david,
          uniq_harold
Orc:2:    st_orc_pillars, layout_diamond_mine, serial_shops, bzr_entry_dummy,
          shop
Elf:1:    eino_elf_arrival_altar, layout_geoelf_diagonals,
          minmay_elf_annihilation, nicolae_elf_glass_and_crystal_pillar_1
Elf:2:    elven_hall_of_blades_hangedman_alternative
          [nicolae_blade_little_rooms], layout_gridlike, serial_shops,
          nicolae_square_shop, shop, nicolae_diamond_shop,
          nicolae_shop_bloodbath_and_beyond, shop_statue,
          ebering_ghost_reflecting_pool, nicolae_shop_clearance, uniq_aizul
Elf:3:    elf_hall_gauntlet_wide, layout_loops_corners, guppyfry_elf_lava,
          uniq_bai_suzhen
Vaults:1: gammafunk_ghost_cemetery, ontoclasm_vaults_twist,
          vaults_room_ringed_pool, nicolae_vaults_fighting_squares,
          hangedman_vaults_nodes, v_pattern_2, vaults_room_pool,
          nicolae_vaults_little_squares_3, v_misc_26, ontoclasm_vaults_ligature,
          v_misc_23, v_misc_3, vaults_standard_mumra_x, vaults_dpeg_ring,
          hangedman_vaults_nails, layout_vaults_ring, serial_shops, shop
Vaults:2: ontoclasm_vaults_ring_square, ontoclasm_vaults_spin,
          grunt_vaults_diagonal, v_rooms_3, nicolae_vaults_inception_scallops,
          grunt_vaults_bifocal, v_misc_4, nicolae_vaults_border_crossing,
          v_alt_pattern_5, vaults_mumra_hexcomb, ontoclasm_vaults_fault,
          layout_vaults_maze_snakey
Vaults:3: infiniplex_enter_wizlab_spiral, nicolae_vaults_network_square,
          nicolae_vaults_theta, nicolae_vaults_circle_grid_b,
          ontoclasm_vaults_hangar, hangedman_vaults_nails,
          nicolae_vaults_little_squares_3, minmay_crypt_entry_nasty_monster,
          hangedman_vaults_snaps, v_misc_26, v_pattern_5, grunt_vaults_funnel,
          nicolae_vaults_asterisk, layout_vaults_big_room, serial_shops, shop,
          shop_fountains, shop_fountains, shop
Vaults:4: ontoclasm_vaults_gateway, hangedman_vaults_hat, kb_rosetta,
          hangedman_vaults_maws, hangedman_vaults_stretched_pinwheel, v_misc_25,
          v_misc_28, v_rooms_1, v_misc_3, v_misc_17, v_misc_14,
          grunt_vaults_trifunnel, nicolae_vaults_little_ls,
          layout_vaults_omnibox, serial_shops, shop
Vaults:5
Depths:1: layout_small_grid, hell_entry, minmay_gold_behind_fungi,
          chequers_hall_statues_corner_a, lemuel_zombie_altar_kikubaaqudgha,
          minmay_shop_star
Depths:2: minmay_quarter_circles, layout_honeycomb, rand_demon_pan_entry_1,
          abyss_entry, hell_entry, lemuel_tele_altar, st_stairs_13,
          minmay_misc_feat_rows
Depths:3: minmay_dotted_concentric_squares, layout_cave_shapes,
          enter_ziggurat_b, abyss_entry, nicolae_hell_entry_hellmouth_sunbeams,
          infiniplex_staircase_diamond
Depths:4: regret_index_qazlal_generations, layout_cave_pools, ashenzari_altar_1,
          hell_entry, gammafunk_ghost_tricky_traps, serial_rivers,
          chequers_serial_rivers_room_b, chequers_serial_rivers_small_3,
          chequers_serial_rivers_micro_d, chequers_serial_rivers_micro_e,
          chequers_serial_rivers_micro_a, rand_demon_pan_entry_4,
          uniq_enchantress, uniq_margery
Zot:1:    layout_misc_corridors

Skill      XL: |  1  2  3  4  5  6  7  8  9 10 11 12 13 14 15 16 17 18 19 20 21 22 23 24 |
---------------+-------------------------------------------------------------------------+-----
Stealth        | 2 4 6 |  6.0
Dodging        | 2 3 4 5 6 7 8 9 10 11 12 | 12.0
Fighting       | 1 2 3 4 5 6 7 9 10 11 12 15 16 18 21 22 | 22.0
Conjurations   | 2 3 4 6 7 9 10 12 14 15 17 18 19 20 | 20.3
Translocations | 2 3 4 5 |  5.9
Throwing       | 1 2 4 5 6 |  6.0
Hexes          | 1 2 |  2.0
Poison Magic   | 2 4 8 9 10 | 10.0
Air Magic      | 1 2 4 |  4.6
Maces & Flails | 3 4 6 8 11 12 | 12.0
Spellcasting   | 4 5 6 7 8 9 10 11 13 15 | 15.0
Earth Magic    | 2 5 6 7 8 10 12 15 18 | 18.4
Evocations     | 2 3 4 6 7 8 9 10 | 10.0
Shields        | 4 6 |  6.0
Ice Magic      | 2 4 |  4.6
Necromancy     | 4 5 6 |  6.0
Summonings     | |  1.0

Action                   |  1- 3 |  4- 6 |  7- 9 | 10-12 | 13-15 | 16-18 | 19-21 | 22-24 || total
-------------------------+-------+-------+-------+-------+-------+-------+-------+-------++-------
Melee: War axe           |    52 |    47 |    60 |       |       |       |       |       ||   159
       Hand axe          |     6 |       |       |       |       |       |       |       ||     6
       Dagger            |     2 |       |       |       |       |       |       |       ||     2
       Tailslap          |     6 |    12 |    47 |    36 |   118 |   157 |   122 |    52 ||   550
       Mace              |    25 |       |   244 |   155 |       |       |       |       ||   424
       Punch             |       |       |     3 |     2 |     1 |       |       |       ||     6
       Demon whip        |       |       |       |    58 |   653 |   780 |   524 |   238 ||  2253
       Headbutt          |       |       |       |       |       |       |       |    52 ||    52
Throw: Dart              |     3 |    14 |    20 |     2 |       |       |       |       ||    39
       Stone             |       |     1 |       |       |       |       |       |       ||     1
 Cast: Magic Dart        |     7 |     4 |     9 |       |       |       |       |       ||    20
       Mephitic Cloud    |       |       |     5 |    18 |    43 |    41 |     5 |       ||   112
       Stone Arrow       |       |       |     3 |    45 |   194 |    50 |    10 |     3 ||   305
       Olgreb's Toxic Ra |       |       |       |       |   108 |    94 |    31 |     8 ||   241
       Iron Shot         |       |       |       |       |    96 |   286 |   443 |   296 ||  1121
       Orb of Destructio |       |       |       |       |    24 |    54 |   210 |   146 ||   434
       Freezing Cloud    |       |       |       |       |     6 |    40 |    22 |     8 ||    76
       Iskenderun's Myst |       |       |       |       |       |    11 |     9 |     2 ||    22
       Blink             |       |       |       |       |       |       |     2 |     1 ||     3
 Abil: Breathe Noxious F |       |       |     1 |    14 |    12 |     8 |     4 |     1 ||    40
Evoke: Wand              |       |       |       |     1 |     1 |     1 |       |       ||     3
       Box of beasts     |       |       |       |       |       |     1 |       |       ||     1
       Tin of tremorston |       |       |       |       |       |     1 |       |       ||     1
  Use: Scroll            |     9 |     1 |    10 |     4 |     8 |     4 |     7 |     9 ||    52
       Potion            |       |     1 |       |     1 |     1 |     3 |     1 |     7 ||    14
 Stab: Sleeping          |     3 |     1 |     4 |     1 |       |     4 |     5 |     1 ||    19
       Confused          |       |       |     1 |    14 |    17 |    19 |    10 |       ||    61
       Paralysed         |       |       |       |       |     4 |       |       |       ||     4
       Distracted        |       |       |       |       |       |     1 |       |     1 ||     2
Armor: Skin              |    22 |    44 |   105 |    71 |   174 |   302 |   172 |   127 ||  1017
Dodge: Dodged            |    63 |    41 |   171 |   133 |   274 |   490 |   232 |   166 ||  1570
Block: Other             |       |       |    40 |       |       |       |       |       ||    40
       Buckler           |       |       |       |       |   111 |   214 |   128 |   105 ||   558
       Reflection        |       |       |       |       |    10 |     9 |    19 |    11 ||    49

Table legend: (Time is in decaauts)
 A = Elapsed time spent in this place.
 B = Non-inter-level travel time spent in this place.
 C = Inter-level travel time spent in this place.
 D = Time resting spent in this place.
 E = Time spent auto-exploring this place.
 F = Levels seen in this place.
 G = Mean time per level.
                   A        B        C        D        E       F      G
               +--------+--------+--------+--------+--------+-----+--------+
         Total |  88224 |  81166 |   7058 |  26407 |  42139 |  49 | 1800.5 |
       Dungeon |  21889 |  18932 |   2957 |   3232 |  13094 |  15 | 1459.3 |
        Temple |    569 |    457 |    112 |      0 |    451 |   1 |  569.0 |
          Lair |  10983 |  10421 |    562 |   2498 |   6895 |   6 | 1830.5 |
        Shoals |   6995 |   6756 |    239 |   1920 |   3724 |   4 | 1748.8 |
   Spider Nest |   8488 |   8144 |    344 |   4395 |   2602 |   4 | 2122.0 |
  Orcish Mines |   2726 |   2460 |    266 |    745 |   1146 |   2 | 1363.0 |
   Elven Halls |   5664 |   5267 |    397 |   1530 |   2970 |   3 | 1888.0 |
        Vaults |  15595 |  14434 |   1161 |   6062 |   5862 |   5 | 3119.0 |
        Depths |  11650 |  10635 |   1015 |   4126 |   5017 |   4 | 2912.5 |
           Zot |     15 |     15 |      0 |      0 |      0 |   1 |   15.0 |
        Bazaar |     68 |     68 |      0 |      0 |     38 |   1 |   68.0 |
       Ossuary |    963 |    963 |      0 |    358 |     84 |   1 |  963.0 |
        Wizlab |   2141 |   2141 |      0 |   1322 |    140 |   1 | 2141.0 |
      Gauntlet |    472 |    472 |      0 |    219 |    115 |   1 |  472.0 |
               +--------+--------+--------+--------+--------+-----+--------+

Top non-repeatable levels by time:
Depths:4: 4202 daAuts
Vaults:5: 4172 daAuts
Vaults:1: 3610 daAuts
  Lair:4: 3084 daAuts
Vaults:2: 3057 daAuts
   Elf:3: 2676 daAuts
Spider:4: 2671 daAuts
Depths:3: 2659 daAuts
    D:13: 2656 daAuts
Vaults:4: 2519 daAuts
Depths:2: 2481 daAuts
Depths:1: 2306 daAuts
Shoals:4: 2244 daAuts
Vaults:3: 2234 daAuts
Spider:1: 2209 daAuts
